 Dungeon Crawl Stone Soup version 0.28.0-53-g5a82cb258f (webtiles) character file.

Game seed: 10753155715793934062

3316 Gabide the Charlatan (level 9, -1/75 HPs)
             Began as a Green Draconian Artificer on Aug 22, 2022.
             Slain by an orc warrior
             ... wielding a +0 war axe
              (19 damage)
             ... in a bailey.
             The game lasted 00:32:27 (11499 turns).

Gabide the Charlatan (Green Draconian Artificer)   Turns: 11499, Time: 00:32:28

Health: -1/75      AC:  7    Str: 21    XL:     9   Next: 71%
Magic:  4/4        EV: 14    Int: 12    God:
Gold:   507        SH:  4    Dex: 15    Spells: 14/14 levels left

rFire   . . .      SeeInvis .   A - +8 mace of Valour {antimagic, Will+ Str+6}
rCold   . . .      Faith    .   p - +0 buckler
rNeg    . . .      Spirit   .   (armour unavailable)
rPois   +          Reflect  .   (helmet restricted)
rElec   .          Harm     .   (no cloak)
rCorr   .          Rampage  .   (no gloves)
Will    +....                   (no boots)
Stlth   ++........              (no amulet)
HPRegen 0.22/turn               (no ring)
MPRegen 0.09/turn               (no ring)

@: studying Staves
A: breathe noxious fumes, AC +7, unfitting armour, poison resistance,
cold-blooded
a: Breathe Noxious Fumes


You were in a bailey.
You visited 2 branches of the dungeon, and saw 9 of its levels.
You also visited: Bailey.

You collected 507 gold pieces.

Inventory:

Hand Weapons
 k - a +1 short sword of flaming
 q - the +2 spear of Midnight {protect, Fly Will+ Int+4 Dex-5}
   (You found it on level 7 of the Dungeon)

   It grants its wielder temporary protection when it strikes (+7 to AC).
   Int:       It affects your intelligence (+4).
   Dex:       It affects your dexterity (-5).
   Fly:       It grants you flight.
   Will:      It increases your willpower.
 u - a +2 whip of venom
 A - the +8 mace of Valour (weapon) {antimagic, Will+ Str+6}
   (You found it on level 8 of the Dungeon)

   It reduces the magical energy of the wielder, and disrupts the spells and
   magical abilities of those it strikes.
   Natural abilities and divine invocations are not affected.
   Str:       It affects your strength (+6).
   Will:      It increases your willpower.
Missiles
 b - 2 poisoned darts
 j - 2 throwing nets
 m - 3 curare-tipped darts
Armour
 p - a +0 buckler (worn)
Jewellery
 l - a ring of fire
 n - a ring of fire
Wands
 c - a wand of charming (2)
 i - a wand of acid (11)
 x - a wand of flame (16)
 y - a wand of iceblast (7)
Scrolls
 a - a scroll of silence
 f - a scroll of enchant weapon
 h - 3 scrolls of teleportation
 s - a scroll of fear {unknown}
 t - 2 scrolls of identify
 z - a scroll of magic mapping {unknown}
Potions
 e - 4 potions of curing
 g - a potion of flight
 o - 2 potions of mutation
 r - 2 potions of berserk rage
 v - a potion of degeneration {unknown}
 w - 2 potions of might
Miscellaneous
 d - a piece from Xom's chessboard (15/15)


   Skills:
 - Level 6.0 Fighting
 - Level 6.0 Short Blades
 - Level 6.0 Staves
 - Level 6.0 Dodging
 - Level 2.0 Stealth
 - Level 2.0 Shields
 + Level 3.2 Spellcasting
 + Level 4.4 Poison Magic
 - Level 6.0 Evocations


You had 14 spell levels left.
You didn't know any spells.
Your spell library contained the following spells:

 Spells                   Type           Power      Damage    Failure   Level
 Poisonous Vapours        Pois/Air       14%        N/A       19%         2
 Corpse Rot               Necr/Air       2%         N/A       43%         2


Dungeon Overview and Level Annotations

Branches:
Dungeon (8/15)             Temple (1/1) D:4          Bailey (1/1)
   Lair: D:8-11

Altars:
Ashenzari
Cheibriados
Dithmenos
Elyvilon
Fedhas
Gozag
Hepliaklqana
Kikubaaqudgha
Makhleb
Nemelex Xobeh
Okawaru
Qazlal
Ru
Sif Muna
Trog
Uskayaw
Wu Jian
Xom
Yredelemnul
Zin
The Shining One


Innate Abilities, Weirdness & Mutations

You can breathe blasts of noxious fumes.
Your lurid green scales are hard. (AC +7)
You cannot fit into any form of body armour.
Your system is resistant to poisons. (rPois)
You are cold-blooded and may be slowed by cold attacks.


Message History

What are your orders? t - Shout!
Orders for allies: a - Attack new target. p - Attack previous target. r - Retreat! s - Stop attacking. g - Guard the area. f - Follow me.
Anything else - Cancel.
Gang up on whom?
Press: ? - help, Dir - move target, f - orc, p - orc warrior
Aim: an orc, wielding a +0 hand axe and wearing a +0 leather armour Attack!
Your orc warrior hits the orc with a +0 war axe!
The orc dies!
Your orc warrior hits the goblin with a +0 war axe!
The goblin dies!
Your orc warrior closely misses the hobgoblin.
The hobgoblin hits your orc warrior with a +0 hand axe.
Your orc warrior hits the hobgoblin with a +0 war axe.
The hobgoblin dies!
There is a fountain of clear blue water here.
What are your orders? t - Shout!
Orders for allies: a - Attack new target. r - Retreat! s - Stop attacking. g - Guard the area. f - Follow me.
Anything else - Cancel.
Guard this area!
You start resting.
The orc warrior is no longer charmed.
The orc warrior shouts!
You hit the orc warrior but do no damage.
The orc warrior is heavily wounded.
The orc warrior hits you with a +0 war axe!
* * * LOW HITPOINT WARNING * * *
Aiming: Corrosive Bolt
Press: ? - help, Shift-Dir - straight line, f - orc warrior
Aim: an orc warrior, wielding a +0 war axe and wearing a +0 plate armour (heavily wounded, 74% to hit)
The bolt of acid hits the orc warrior!
The acid corrodes the orc warrior!
The orc warrior is severely wounded.
The orc warrior hits you with a +0 war axe!!
You die...

## ### ##.## ###.###
.....## ###.....###
.......###.........##
........#...........#
........)...........#
..⌠.....#....o@.....#
......)g#........)).#
........#........)..#
.......###.......).###
♣♣♣ .....##
###.....#'#.### ♣♣♣.♣
##.##
###.###.....###♣....
## ###.........##....
#...........#....
#...........'....


You could see an orc warrior (corroded).

Vanquished Creatures
  A two-headed ogre (D:8)
  Eustachio (D:4)
  A water moccasin (D:5)
  A hornet zombie (D:5)
  An ice beast (D:4)
  2 orc warriors
  A sky beast (D:7)
  2 ogres
  3 centaurs
  A phantom (D:4)
  A bullfrog (D:6)
  2 scorpions
  A gnoll sergeant (D:4)
  5 killer bees (D:7)
  A howler monkey (D:5)
  6 hounds
  4 jellies
  A bullfrog skeleton (D:7)
  3 iguanas
  3 orc wizards
  2 hound skeletons
  A howler monkey zombie (D:6)
  7 adders
  26 gnolls
  A howler monkey skeleton (D:5)
  An ufetubus (D:6)
  2 dart slugs
  35 orcs
  5 endoplasms
  A giant cockroach (D:1)
  7 goblins
  11 hobgoblins
  15 jackals
  8 kobolds
  3 quokkas
  5 ball pythons
  7 bats
  5 frilled lizards
  12 rats
195 creatures vanquished.

Vanquished Creatures (collateral kills)
  An orc priest (D:4)
  An orc (Bailey)
  A giant cockroach (D:1)
  2 goblins
  A hobgoblin (Bailey)
  A jackal (D:1)
  A ball python (D:1)
  A frilled lizard (D:1)
9 creatures vanquished.

Vanquished Creatures (others)
  A gnoll (D:4)
  3 orcs (D:4)
  A ball python (D:1)
  A jackal (D:4)
  A fungus (D:4)
  A plant (D:4)
8 creatures vanquished.

Grand Total: 212 creatures vanquished

Notes
Turn   | Place    | Note
-------+----------+-------------------------------------------
     0 | D:1      | Gabide the Draconian Artificer began the quest for the Orb.
     0 | D:1      | Reached XP level 1. HP: 16/16 MP: 1/1
    41 | D:1      | Reached skill level 1 in Stealth
   156 | D:1      | Reached XP level 2. HP: 7/23 MP: 2/2
   982 | D:1      | Reached XP level 3. HP: 29/29 MP: 3/3
  1491 | D:2      | Found a white marble altar of Elyvilon.
  2115 | D:2      | Reached XP level 4. HP: 22/36 MP: 4/4
  2484 | D:3      | Reached skill level 1 in Short Blades
  2843 | D:3      | Found a faded altar of an unknown god.
  3048 | D:4      | Reached XP level 5. HP: 27/42 MP: 5/5
  4018 | D:4      | Reached XP level 6. HP: 25/51 MP: 6/6
  4946 | D:4      | Your scales start taking on a lurid green colour.
  4946 | D:4      | Reached XP level 7. HP: 40/59 MP: 7/7
  4946 | D:4      | Gained mutation: Your system is resistant to poisons.
                  | (rPois) [Green Draconian growth]
  5143 | D:4      | Found a staircase to the Ecumenical Temple.
  5159 | Temple   | Entered the Ecumenical Temple
  5616 | D:4      | Reached skill level 5 in Evocations
  6020 | D:4      | Noticed Eustachio
  6039 | D:4      | Killed Eustachio
  6336 | D:5      | Entered Level 5 of the Dungeon
  6357 | D:5      | Reached XP level 8. HP: 62/67 MP: 8/8
  6685 | D:4      | Reached skill level 5 in Fighting
  7464 | D:5      | Reached skill level 5 in Short Blades
  7464 | D:5      | Reached skill level 5 in Dodging
  8629 | D:6      | Identified a scroll of acquirement
  8629 | D:6      | Acquired a manual of Staves
  9754 | D:7      | Identified the +2 spear of Midnight {protect, Fly Will+
                  | Int+4 Dex-5}
 10059 | D:7      | Reached skill level 1 in Shields
 10059 | D:7      | Reached XP level 9. HP: 59/75 MP: 9/9
 10199 | D:7      | Reached skill level 1 in Staves
 10567 | D:7      | Reached skill level 5 in Staves
 11217 | D:8      | Noticed a two-headed ogre
 11236 | D:8      | Killed a two-headed ogre
 11282 | D:8      | Found a flagged portal.
 11282 | D:8      | Identified the +8 mace of Valour {antimagic, Will+ Str+6}
 11295 | Bailey   | Entered a bailey
 11499 | Bailey   | Slain by an orc warrior

Illustrated notes

Levels and vault maps discovered:
D:1:      evilmike_arrival_hilbert_curve, layout_basic
D:2:      layout_basic, basic_altar
D:3:      minmay_diamond_boxcup, layout_rooms, shapermc_ecumenical_altar_petra
D:4:      lemuel_castle_with_subvaults [lemuel_castle_interior_original],
          layout_loops_ring, minmay_temple_entry_antechambers, uniq_eustachio
D:5:      layout_rooms, st_stairs_10, dk_rats_in_the_wall
D:6:      layout_cave_pods, nicolae_ossuary_entry_monument, st_stairs_13,
          kennysheep_generic_room_11
D:7:      layout_basic, kennysheep_generic_room_15
D:8:      layout_basic, nicolae_vehumet_radiance, enter_bailey_2
Temple:   mainiacjoe_temple_circle_huts
Bailey:   bailey_axe_minmay_hex_keep, bailey

Skill      XL: |  1  2  3  4  5  6  7  8  9 |
---------------+----------------------------+-----
Stealth        | 1 2 |  2.0
Fighting       | 2 3 4 6 |  6.0
Dodging        | 3 4 6 |  6.0
Evocations     | 4 6 |  6.0
Short Blades   | 2 3 4 6 |  6.0
Shields        | 1 2 |  2.0
Staves         | 6 |  6.0
Spellcasting   | 3 |  3.2
Poison Magic   | 4 |  4.4

Action                   |  1- 3 |  4- 6 |  7- 9 || total
-------------------------+-------+-------+-------++-------
Melee: Rapier            |    94 |       |       ||    94
       Club              |    11 |       |       ||    11
       Tailslap          |    13 |    20 |    67 ||   100
       Punch             |     1 |     2 |     8 ||    11
       Short sword       |    27 |   125 |   247 ||   399
       Trident           |       |    31 |    16 ||    47
       Spear             |       |       |   145 ||   145
       Mace              |       |       |    27 ||    27
Throw: Dart              |       |       |    11 ||    11
       Throwing net      |       |       |     2 ||     2
 Abil: Breathe Noxious F |       |       |    17 ||    17
Evoke: Wand              |     5 |    10 |    14 ||    29
       Piece from Xom's  |       |     1 |     1 ||     2
  Use: Scroll            |       |     5 |     9 ||    14
       Potion            |       |     1 |       ||     1
 Stab: Sleeping          |     3 |     2 |     1 ||     6
       Distracted        |       |     1 |       ||     1
       Petrified         |       |       |     4 ||     4
       Confused          |       |       |    10 ||    10
       Held in net/web   |       |       |     1 ||     1
Armor: Skin              |    46 |    79 |   135 ||   260
Dodge: Dodged            |    90 |   161 |   292 ||   543
Block: Buckler           |       |       |    23 ||    23
